 Dungeon Crawl Stone Soup version 0.20.0-15-g7f486f2 (webtiles) character file.

53 renl the Scratcher (level 3, -2/15 HPs)
             Began as a Felid Transmuter on July 4, 2017.
             Slain by a hobgoblin (4 damage)
             ... on level 2 of the Dungeon.
             The game lasted 00:06:15 (1901 turns).

renl the Scratcher (Felid Transmuter)               Turns: 1901, Time: 00:06:16

Health: -2/15      AC:  2    Str:  6    XL:     3   Next: 64%
Magic:  1/7        EV: 21    Int: 15    God:
Gold:   64         SH:  0    Dex: 21    Spells: 0/6 levels left
                                        Lives:  0   Deaths: 0

rFire    . . .     SeeInvis +     - Unarmed
rCold    . . .     Gourm    .   (shield unavailable)
rNeg     . . .     Faith    .   (armour unavailable)
rPois    x         Spirit   .   (helmet unavailable)
rElec    .         Reflect  .   (cloak unavailable)
rCorr    .         Harm     .   (gloves unavailable)
MR       .....                  (boots unavailable)
Stlth    ++........             (no amulet)
Regen    0.1/turn               (no ring)
MPRegen  0.1/turn               (no ring)

@: lethally poisoned (-2 -> -11), spider-form, very slightly contaminated
A: no armour, no weapons or thrown items, stealth, see invisible, carnivore 3,
slow metabolism 1
a: End Transformation


You were on level 2 of the Dungeon.
You were completely stuffed.
You were a venomous arachnid creature.
You visited 1 branch of the dungeon, and saw 2 of its levels.

You collected 64 gold pieces.

Inventory:

Missiles
 a - 25 arrows
Scrolls
 d - a scroll of remove curse {unknown}
 e - a scroll of teleportation {unknown}
 g - a scroll of enchant armour {unknown}
Potions
 f - a potion of ambrosia {unknown}
Books
 b - a book of Changes

   Spells                             Type                      Level
   a - Beastly Appendage              Transmutation                1
   b - Sticks to Snakes               Transmutation                2
   c - Spider Form                    Transmutation/Poison         3
   d - Ice Form                       Ice/Transmutation            4
   e - Blade Hands                    Transmutation                5
 i - a book of Misfortune

   Spells                             Type                      Level
   a - Confusing Touch                Hexes                        1
   b - Confuse                        Hexes                        3
   c - Gell's Gravitas                Translocation                3
   d - Petrify                        Transmutation/Earth          4
   e - Metabolic Englaciation         Hexes/Ice                    5
   f - Yara's Violent Unravelling     Hexes/Transmutation          5
Comestibles
 c - a meat ration


   Skills:
 + Level 1.1 Fighting
 + Level 3.1 Dodging
 + Level 1.1 Stealth
 * Level 4.1 Unarmed Combat
 - Level 2.0 Spellcasting
 * Level 2.6 Transmutations


You couldn't memorise any spells.
You knew the following spells:

 Your Spells              Type           Power        Failure   Level  Hunger
a - Beastly Appendage     Tmut           #.....       21%         1    #......
b - Sticks to Snakes      Tmut           #.......     26%         2    ###....
c - Spider Form           Tmut/Pois      #.........   58%         3    ###....


Dungeon Overview and Level Annotations

Branches:
Dungeon (2/15)

Altars:
Xom


Innate Abilities, Weirdness & Mutations

You cannot wear armour.
You are incapable of wielding weapons or throwing items.
Your paws allow you to move quietly. (Stealth)
((You have sharp claws.))
((You have razor-sharp teeth.))
You have supernaturally acute eyesight. (SInv)
You are carnivorous and can eat meat at any time.
((You cover ground quickly.))
((You are covered in fur. (AC +1)))
You have a slow metabolism.
((Your sharp claws are effective at attacking unaware monsters.))


Message History

Confirm with . or Enter, or press ? or * to list all spells.
You miscast Spider Form.
You are very lightly contaminated with residual magic.
You are lethally poisoned!
You feel sick. x2; The ooze barely misses you.
Unknown command.
Casting: Spider Form
Confirm with . or Enter, or press ? or * to list all spells.
You turn into a venomous arachnid creature.
You feel sick. The hobgoblin misses you. The ooze completely misses you.
You hit the hobgoblin.
The hobgoblin is poisoned.
The hobgoblin is almost dead.
You feel sick.
The hobgoblin hits you but does no damage.
The ooze hits you.
* * * LOW HITPOINT WARNING * * *
You hit the ooze.
The ooze is severely wounded.
The hobgoblin hits you.
You die...

#.# #..........
###
#.######.#######..
#... #.##.....#
#..
#...###....#####
#........###
.?.#.#.## #...#
##.g# #.s# #..Jg#
#.##..# #. #..# #.
#.# #. ... #. #..
#. ..


You could see an ooze and 2 hobgoblins.

Vanquished Creatures
  A gnoll (D:1)
  An ooze (D:1)
  A worm (D:2)
  A dart slug (D:1)
  A leopard gecko (D:1)
  6 goblins (D:1)
  3 hobgoblins (D:1)
  2 kobolds (D:1)
  A ball python (D:1)
  7 bats
  6 frilled lizards (D:1)
  6 rats
36 creatures vanquished.

Notes
Turn   | Place    | Note
-------+----------+-------------------------------------------
     0 | D:1      | renl the Felid Transmuter began the quest for the Orb.
     0 | D:1      | Reached XP level 1. HP: 9/9 MP: 4/4
   561 | D:1      | Reached XP level 2. HP: 11/12 MP: 6/6
   863 | D:1      | Learned a level 2 spell: Sticks to Snakes
   967 | D:1      | Reached XP level 3. HP: 15/15 MP: 5/7
   986 | D:1      | Learned a level 3 spell: Spider Form
  1015 | D:1      | Reached skill level 4 in Unarmed Combat
  1398 | D:1      | Reached skill level 1 in Stealth
  1583 | D:2      | Found a shimmering altar of Xom.
  1901 | D:2      | Slain by a hobgoblin

Skill      XL: |  1  2  3 |
---------------+----------+-----
Dodging        | 3 |  3.1
Unarmed Combat | 4 |  4.1
Stealth        | 1 |  1.1
Fighting       | |  1.1
Spellcasting   | |  2.0
Transmutations | |  2.6

Action                   || total
-------------------------++-------
Melee: Unarmed           ||    94
       Headbutt          ||    10
       Bite              ||    10
       Punch             ||     1
 Cast: Beastly Appendage ||    12
       Spider Form       ||     4
 Stab: Sleeping          ||     3
  Eat: Chunk             ||    10
Armor: Skin              ||     6
Dodge: Dodged            ||    74
